 Dungeon Crawl Stone Soup version 0.31-a0-632-g766dd24fdf (webtiles) character file.

Game seed: 12270132192081526233

65 Firecrotchwizard the Magician (level 4, 0/34 HPs)
             Began as a Djinni Fire Elementalist on Aug 26, 2023.
             Killed from afar by an orc wizard (7 damage)
             ... with a magic dart
             ... on level 3 of the Dungeon.
             The game lasted 00:04:30 (1797 turns).

Firecrotchwizard the Magician (DjFE)                Turns: 1797, Time: 00:04:31

Health: 0/34       AC:  2    Str:  7    XL:     4   Next: 35%
Gold:   158        EV: 17    Int: 18    God:
                   SH:  0    Dex: 14

rFire   + + +        s - +0 dagger
rCold   x x .        (no shield)
rNeg    . . .        a - +0 robe
rPois   ∞            (no helmet)
rElec   .            (no cloak)
rCorr   .            (no gloves)
SInv    .            (boots unavailable)
Will    .....        (no amulet)
Stlth   ++           f - ring of fire
HPRegen 0.25/turn    m - +5 ring of evasion
MPRegen 0.00/turn

%: infuse magic (-1 HP)
@: flying, very slightly contaminated
A: sickness immunity, fire resistance 2, cold vulnerability 1, float, innate
caster, HP casting, extra vitality 1
a: no special abilities


You were on level 3 of the Dungeon.
You visited 1 branch of the dungeon, and saw 3 of its levels.

You collected 158 gold pieces.

Inventory:

Hand Weapons
 s - a +0 dagger (weapon)
Missiles
 i - 5 poisoned darts
Armour
 a - a +0 robe (worn)
Jewellery
 f - a ring of fire (left hand)
 h - a +6 ring of dexterity
 k - a ring of see invisible
 m - a +5 ring of evasion (right hand)
Scrolls
 c - a scroll of teleportation {unknown}
 e - 3 scrolls of identify {unknown}
 g - a scroll of butterflies {unknown}
 j - 3 scrolls of silence {unknown}
Potions
 b - a potion of brilliance {unknown}
 d - 2 potions of curing {unknown}
 l - a potion of resistance {unknown}


   Skills:
 + Level 2.4 Fighting
 - Level 2.1 Dodging
 - Level 1.5 Stealth
 + Level 3.6 Spellcasting
 + Level 3.6 Conjurations
 + Level 3.6 Hexes
 + Level 3.6 Summonings
 + Level 3.6 Necromancy
 + Level 3.6 Translocations
 + Level 3.6 Transmutations
 + Level 3.6 Fire Magic
 + Level 3.6 Ice Magic
 + Level 3.6 Air Magic
 + Level 3.6 Earth Magic
 + Level 3.6 Poison Magic


You knew the following spells:

 Your Spells              Type           Power      Damage    Failure   Level
a - Foxfire               Conj/Fire      96%        2x1d8     3%          1
b - Scorch                Fire           48%        2d7       5%          2
c - Volatile Blastmotes   Fire/Tloc      48%        2d14      11%         3
d - Inner Flame           Hex/Fire       24%        N/A       11%         3
e - Flame Wave            Conj/Fire      24%        2d8       34%         4
f - Sting                 Tmut/Pois      64%        1d6       3%          1
Your spell library was empty.

Dungeon Overview and Level Annotations

Branches:
Dungeon (3/15)

Altars:

Shops:
D:3 *


Innate Abilities, Weirdness & Mutations

You are immune to sickness and miasma.
You are immune to poison.
Your flesh is very heat resistant. (rF++)
You are vulnerable to cold. (rC-)
You float through the air rather than walking.
You learn spells naturally, not from books.
Your magical power is your life essence.
You have superior vitality. (+4 MHP)


Message History

Casting: Foxfire (safe; 3% risk of failure)
Confirm with . or Enter, or press ? or * to list all spells.
You feel a surge of power!
You conjure some foxfire!
Your foxfire dissipates!
Your foxfire dissipates! x2
Your foxfire dissipates!
HP restored.
Found 2 stones.
You see here 2 stones.
You now have 158 gold pieces (gained 11).
Found a dagger.
Found a stone staircase leading down.
An orc comes into view. It is wielding a +0 short sword.
The orc shouts!
An orc comes into view. It is wielding a +0 dagger.
An orc wizard comes into view. It is wielding a +0 dagger.
Found a thick jewelled staff and a viscous sapphire potion.
The orc shouts!
The orc wizard gestures at you while chanting.
You are confused.
You're too confused to cast spells.
Sorry, you're not good enough to have a special ability.
You bump into the rock wall.
You bump into the rock wall.
The orc attacks as it pursues you! The orc barely misses you.
You bump into the rock wall.
The orc attacks as it pursues you! The orc hits you with a +0 dagger.
You barely miss the orc.
You feel less confused. The orc hits you but does no damage.
The orc attacks as it pursues you! The orc closely misses you.
The orc wizard mumbles some strange words.
The orc wizard flickers and vanishes!
Deactivating autopickup; reactivate with Ctrl-A.
The orc attacks as it pursues you! The orc closely misses you.
The orc attacks as it pursues you! The orc barely misses you.
Casting: Foxfire (safe; 3% risk of failure)
Confirm with . or Enter, or press ? or * to list all spells.
You feel a surge of power!
You conjure some foxfire!
A puff of flame appears from out of thin air!
The puff of flame misses you.
Casting: Foxfire (safe; 3% risk of failure)
Confirm with . or Enter, or press ? or * to list all spells.
You feel a surge of power!
You conjure some foxfire!
The foxfire hits the orc.
The orc is lightly wounded.
The orc hits you with a +0 dagger.
Casting: Foxfire (safe; 3% risk of failure)
Confirm with . or Enter, or press ? or * to list all spells.
You feel a surge of power!
You conjure some foxfire!
The foxfire hits something but does no damage.
The foxfire hits the orc.
The orc is moderately wounded.
The foxfire hits the orc but does no damage.
The orc is moderately wounded.
The orc hits you with a +0 dagger.
Casting: Foxfire (safe; 3% risk of failure)
Confirm with . or Enter, or press ? or * to list all spells.
You feel a surge of power!
You conjure some foxfire!
The foxfire hits the orc!
You kill the orc!
You hear some strange, mumbled words.
A magic dart appears from out of thin air!
The magic dart hits you!
The foxfire hits the orc.
The orc is moderately wounded.
Casting: Foxfire (safe; 3% risk of failure)
Confirm with . or Enter, or press ? or * to list all spells.
You feel a surge of power!
Flames lash the orc.
You kill the orc!
The foxfire hits something.
Something closely misses you.
Casting: Scorch (safe; 5% risk of failure)
Confirm with . or Enter, or press ? or * to list all spells.
Okay, then.
Casting: Scorch (safe; 5% risk of failure)
Confirm with . or Enter, or press ? or * to list all spells.
You feel a surge of power!
Flames lash something.
* * * LOW HITPOINT WARNING * * *
You hear some strange, mumbled words.
A magic dart appears from out of thin air!
The magic dart hits you.
* * * LOW HITPOINT WARNING * * *
Casting: Scorch (safe; 5% risk of failure)
Confirm with . or Enter, or press ? or * to list all spells.
You feel a surge of power!
You miscast Scorch.
You are very lightly contaminated with residual magic.
Nothing appears to happen.
* * * LOW HITPOINT WARNING * * *
Something hits you.
* * * LOW HITPOINT WARNING * * *
Casting: Scorch (safe; 5% risk of failure)
Confirm with . or Enter, or press ? or * to list all spells.
You can't see any susceptible monsters within range! (Use Z to cast anyway.) Unknown command.
Casting: Scorch (safe; 5% risk of failure)
Confirm with . or Enter, or press ? or * to list all spells.
Aiming: Sting (safe; 3% risk of failure)
Press: ? - help, Shift-Dir - straight line
* * * LOW HITPOINT WARNING * * *
You hear some strange, mumbled words.
A magic dart appears from out of thin air!
The magic dart hits you!
You die...

########## #........# #####
#........# ....# #........#
....# #........# .o..#
######......()#########).>.#
##...######.#@{.............#
##.....##
#§#)##########......
#.......####...# ....##
#.......##...### ....#
#.∩..<.....#.# ....#
##.......###.## ...|..
####.....### #..# ##..!#
..........# ##.# .###
..........#####.#####..


There were no monsters in sight!

Vanquished Creatures
  2 adders
  A dart slug (D:1)
  4 orcs
  2 ball pythons
  2 endoplasms (D:1)
  4 goblins
  3 hobgoblins
  2 quokkas
  7 bats
  4 frilled lizards
  4 kobolds
  6 rats
41 creatures vanquished.

Vanquished Creatures (others)
  108 foxfires
108 creatures vanquished.

Grand Total: 149 creatures vanquished

Notes
Turn   | Place    | Note
-------+----------+-------------------------------------------
     0 | D:1      | Firecrotchwizard the Djinni Fire Elementalist began the
                  | quest for the Orb.
     0 | D:1      | Firecrotchwizard set off with the following spells
                  | memorised: Foxfire, Scorch, Volatile Blastmotes, Inner
                  | Flame, Flame Wave.
     0 | D:1      | Reached XP level 1. HP: 15/15 MP: 0/0
   111 | D:1      | Reached XP level 2. HP: 22/22 MP: 0/0
   130 | D:1      | Reached skill level 1 in Fighting
   455 | D:1      | Reached XP level 3. HP: 23/27 MP: 0/0
   455 | D:1      | Learned a level 1 spell: Sting
  1552 | D:2      | Reached XP level 4. HP: 31/33 MP: 0/0
  1685 | D:3      | Found Todunit's Assorted Antiques.
  1797 | D:3      | Killed from afar by an orc wizard

Illustrated notes

Levels and vault maps discovered:
D:1:      minmay_arrival_five_plusses, layout_rooms
D:2:      layout_basic
D:3:      layout_rooms, slow_altar_2, serial_shops, shop

Skill      XL: |  1  2  3 |
---------------+----------+-----
Spellcasting   | |  3.6
Conjurations   | |  3.6
Hexes          | |  3.6
Summonings     | |  3.6
Necromancy     | |  3.6
Translocations | |  3.6
Transmutations | |  3.6
Fire Magic     | |  3.6
Ice Magic      | |  3.6
Air Magic      | |  3.6
Earth Magic    | |  3.6
Poison Magic   | |  3.6
Fighting       | 1 2 |  2.4
Dodging        | |  2.1
Stealth        | |  1.5

Action                     |  1- 3 |  4- 6 || total
---------------------------+-------+-------++-------
  Melee: Unarmed           |     1 |       ||     1
         Dagger            |       |     1 ||     1
   Cast: Foxfire           |    56 |    10 ||    66
         Scorch            |    11 |     3 ||    14
         Sting             |       |     1 ||     1
 Armour: Robe              |     1 |     1 ||     2
  Dodge: Dodged            |     3 |     6 ||     9

Table legend: (Time is in decaauts)
 A = Elapsed time spent in this place.
 B = Non-inter-level travel time spent in this place.
 C = Inter-level travel time spent in this place.
 D = Time resting spent in this place.
 E = Time spent auto-exploring this place.
 F = Levels seen in this place.
 G = Mean time per level.
                   A        B        C        D        E       F      G
               +--------+--------+--------+--------+--------+-----+--------+
         Total |   1794 |   1736 |     58 |      6 |   1501 |   3 |  598.0 |
       Dungeon |   1794 |   1736 |     58 |      6 |   1501 |   3 |  598.0 |
               +--------+--------+--------+--------+--------+-----+--------+

Top non-repeatable levels by time:
     D:2: 1113 daAuts
     D:1: 569 daAuts
     D:3: 110 daAuts
